Map: Orbital Shipyard

Players

LilDicky

  • Race: Terran Terran
  • League: Diamond

Mandolin - Winner!

  • Race: Zerg Zerg
  • League: Diamond

VOD

http://www.twitch.tv/tumescentpie

Description

Time

  • Played on: Nov. 24, 2015, 3:47 p.m.
  • Length: 8:46
Show
View Real Time Build Order
Export as new Build Order

LilDicky Terran 

Build Orders: Reaper Expand, MMM Bio 

Get SALT Encoding   

  12  0:01  SCV  
  13  0:13  SCV  
  14  0:17  Supply Depot  
  14  0:25  SCV  
  15  0:32  Refinery  
  15  0:39  SCV  
  16  0:45  Barracks  
  16  0:52  SCV  
  17  1:04  SCV  
  18  1:16  SCV  
  19  1:33  Orbital Command  
  19  1:35  Reaper  
  20  1:49  Command Center  
  20  1:57  Supply Depot  
  20  1:59  SCV  
  21  2:02  Refinery  
  21  2:07  Reaper  
  22  2:11  SCV  
  23  2:23  SCV  
  23  2:24  Factory  
  24  2:47  Barracks Reactor  
  24  2:49  SCV  
  25  2:52  Supply Depot  
  25  3:01  SCV  
  26  3:12  Starport  
  26  3:36  SCV  
  26  3:38  Orbital Command  
  27  3:41  Barracks Reactor  
  27  3:45  Barracks  
  27  3:47  Barracks  
  27  3:49  SCV  
  28  3:58  Hellion x2  
  28  4:01  SCV  
  33  4:05  Liberator  
  33  4:06  SCV, Liberator  
  33  4:07  Supply Depot  
  34  4:13  SCV  
  35  4:23  Barracks Tech Lab  
  41  4:26  SCV x2, Hellion x2  
  47  4:34  Barracks Tech Lab x2  
  48  4:38  SCV x2  
  48  4:44  Supply Depot  
  49  4:46  Refinery x2  
  49  4:50  SCV  
  49  4:52  Hellion x2  
  52  5:20  Hellion  
  52  5:21  Hellion  
  56  5:22  Combat Shields  
  56  5:24  Stimpack  
  56  5:25  Concussive Shells, Marine  
  56  5:26  Marauder, Marine  
  60  5:31  SCV x2  
  60  5:32  Medivac  
  60  5:33  Barracks  
  62  5:44  Marauder  
  54  5:50  Marine x2  
  54  5:52  Widow Mine  
  54  5:53  Widow Mine  
  54  5:54  SCV  
  57  6:05  Marauder  
  57  6:08  Marauder, Marine  
  62  6:26  Marauder, Marine  
  62  6:30  Marauder  
  67  6:39  SCV  
  68  6:40  Barracks Reactor  
  68  6:43  Marine  
  68  6:44  SCV  
  69  6:47  Marine  
  69  6:48  Engineering Bay  
  69  6:49  Command Center  
  69  6:51  SCV  
  70  7:25  Marine x2  
  70  7:27  Marauder  
  57  7:43  Marine x2  
  52  7:44  Missile Turret  
  52  7:45  Missile Turret  
  52  7:48  Marauder  
  52  7:56  Widow Mine x2  
  52  7:57  Medivac  
  52  7:58  SCV x2, Medivac  
  57  8:01  Marine x2  
  60  8:05  Missile Turret  
  60  8:08  Missile Turret  
  60  8:09  Marine  
  60  8:10  SCV  
  60  8:11  SCV, Marine  
  60  8:12  Marine  
  65  8:18  Missile Turret, Marine x2  
  65  8:19  Missile Turret  
  67  8:22  SCV  
  67  8:23  SCV  
  69  8:27  Marine  
  69  8:29  Barracks  
  69  8:31  Barracks  
Show
View Real Time Build Order
Export as new Build Order

Mandolin Zerg - Winner!

Build Orders: Hatch First 

Get SALT Encoding   

  12  0:01  Drone  
  13  0:12  Overlord  
  13  0:22  Drone  
  14  0:31  Drone x2  
  16  0:35  Drone  
  17  0:46  Drone  
  18  0:55  Hatchery  
  17  0:58  Drone  
  18  1:13  Spawning Pool  
  18  1:15  Drone  
  18  1:16  Extractor  
  17  1:19  Drone  
  18  1:35  Drone  
  19  1:42  Overlord  
  19  1:59  Queen  
  19  2:01  Zergling x4  
  24  2:08  Zergling x2  
  24  2:15  Queen  
  24  2:17  Drone  
  24  2:20  Metabolic Boost  
  24  2:22  Drone x2  
  29  2:34  Drone x2  
  31  2:43  Drone x2  
  33  2:47  Queen  
  35  3:02  Hatchery  
  33  3:08  Overlord x2  
  33  3:16  Evolution Chamber  
  32  3:21  Zergling x6  
  35  3:34  Drone  
  35  3:35  Drone x5  
  41  3:45  Drone x3  
  44  3:53  Drone  
  45  3:58  Drone x2  
  47  4:05  Overlord x2  
  47  4:11  Drone x4  
  51  4:17  Lair  
  51  4:19  Drone  
  51  4:20  Extractor  
  51  4:29  Drone x8  
  59  4:33  Queen  
  59  4:34  Overlord  
  61  4:38  Extractor  
  61  4:39  Extractor  
  61  4:40  Roach Warren  
  61  4:44  Baneling Nest, Drone  
  58  4:45  Drone  
  58  4:46  Drone x3  
  62  4:59  Drone x3  
  65  5:02  Hatchery  
  59  5:19  Zergling x2  
  59  5:20  Zergling x20  
  68  5:24  Glial Reconstitution  
  68  5:28  Spire  
  67  5:36  Extractor  
  67  5:38  Drone x2, Extractor  
  67  5:39  Drone x4  
  69  5:48  Spore Crawler  
  69  5:49  Spore Crawler  
  60  5:51  Spore Crawler, Queen  
  60  5:52  Queen  
  60  5:53  Zergling x2  
  60  5:54  Zergling x4  
  65  6:07  Overlord x2  
  65  6:09  Queen  
  67  6:13  Baneling x2  
  66  6:28  Spore Crawler  
  65  6:38  Drone x6  
  71  6:43  Mutalisk x7  
  71  6:44  Mutalisk  
  86  6:49  Zerg Melee Weapons Level 1  
  83  7:02  Zergling x16  
  83  7:05  Overseer x2  
  81  7:30  Zergling x2  
  81  7:31  Zergling x30  
  93  7:41  Queen  
  92  7:44  Drone x2  
  92  7:48  Zergling x2  
  92  7:49  Zergling x2  
  94  8:00  Drone, Overlord  
  94  8:01  Overlord x4  
  95  8:09  Baneling x8  
  95  8:10  Baneling x11  
  95  8:21  Drone x3  
  95  8:22  Drone x5  
Tags
 
Add a new tag
Caveats
  • Supply blocks, unpowered buildings, or Contaminate may cause inaccurate times.
  • Supply counts are checked every 10 seconds.